AoeStats
← timon_1994

Nomad

508436267Analyzed
4v4 RM · 8d ago on Sep 22, 2026· 44m 27s· 8 players
Game mode
Random Map
Map size
231×231
Population
200
Speed
Normal
Resources
Standard
Victory
Conquest
Starting age
Dark Age
Ending age
Imperial Age
RankedLock teamsTeams togetherTeam positionsShared explorationLock speedFull tech treeHidden civsTurbo modeCheats
Victory
Defeat
🇹🇼 Tatars · Taiwan
1102
+17
🇹🇼 Italians · Taiwan
1098
+18
🇨🇳 Maya · China
1097
+18
🇨🇳 Shu · China
1096
+18
🇨🇳 Magyars · China
1199
-20
🇦🇷 Mongols · Argentina
1159
-19
🇳🇱 Spanish · Netherlands
1133
-18
1041
-14
YOU B4STARD!
13:13 Loom
15:39 Feudal Age
17:56 Fletching
18:38 Horse Collar
21:26 Double-Bit Axe
25:39 Castle Age
27:30 Crossbowman
28:18 Thumb Ring
29:30 Bodkin Arrow
32:48 Bow Saw
34:10 Wheelbarrow
36:18 Hand Cart
42:43 Imperial Age
40:21 Padded Archer Armor
41:53 Leather Archer Armor
42:47 Heavy Plow
42:48 Arbalester
即刻救援
13:16 Feudal Age
17:59 Castle Age
16:19 Double-Bit Axe
16:52 Fletching
18:10 Padded Archer Armor
23:17 Gold Mining
25:25 Bodkin Arrow
25:47 Leather Archer Armor
25:52 Bow Saw
26:43 Wheelbarrow
29:35 Horse Collar
30:54 Hand Cart
30:24 Loom
34:56 Heavy Plow
37:36 Imperial Age
35:31 Bloodlines
35:22 Husbandry
37:41 Ballistics
38:00 Capped Ram
40:04 Crop Rotation
40:40 Bracer
41:39 Heavy Cavalry Archer
43:21 Ring Archer Armor
43:02 Forging
42:58 Scale Barding Armor
43:32 Conscription
45:37 Chemistry
44:33 Murder Holes
44:48 Masonry
1361331795
4:31 Loom
6:00 Loom
15:48 Feudal Age
17:26 Fishing Lines
21:06 Castle Age
21:17 Double-Bit Axe
23:44 Bow Saw
23:29 Gillnets
27:30 Thumb Ring
26:46 Crossbowman
29:27 Horse Collar
31:19 Fletching
31:29 Padded Archer Armor
33:37 Wheelbarrow
34:10 Bodkin Arrow
34:15 Padded Archer Armor
36:03 Ballistics
38:23 Imperial Age
36:32 Hand Cart
36:18 Gold Mining
36:37 Heavy Plow
37:10 Leather Archer Armor
38:17 Elite Skirmisher
39:16 Arbalester
40:11 Bolt Magazine
41:02 Siege Engineers
42:06 Chemistry
42:09 Conscription
44:25 Bracer
44:55 Ring Archer Armor
魯肉飯
4:57 Loom
15:18 Feudal Age
19:38 Town Watch
23:29 Castle Age
33:58 Imperial Age
36:39 Chemistry
36:32 Double-Bit Axe
38:38 Ballistics
39:40 Fishing Lines
40:41 Conscription
40:57 Gillnets
41:35 Fletching
41:46 Padded Archer Armor
42:00 Gold Mining
打帝国需要戴老花镜
10:41 Loom
15:13 Feudal Age
18:55 Wheelbarrow
18:26 Fletching
22:17 Castle Age
20:08 Town Watch
20:51 Padded Archer Armor
21:08 Double-Bit Axe
24:53 Medium Warships
31:45 Leather Archer Armor
35:52 Bodkin Arrow
36:19 Elite Skirmisher
37:16 Hand Cart
44:11 Imperial Age
timon_1994
10:23 Loom
13:35 Feudal Age
15:41 Double-Bit Axe
18:03 Fishing Lines
18:53 Stone Mining
22:54 Castle Age
21:42 Fishing Lines
24:15 Bow Saw
25:12 Scale Barding Armor
25:15 Gillnets
26:06 Bloodlines
25:59 Husbandry
26:24 Chain Barding Armor
26:54 Wheelbarrow
28:37 Gold Mining
28:37 Stone Mining
36:25 Imperial Age
36:48 Forging
37:20 Hand Cart
36:40 Cavalier
38:42 Two-Man Saw
37:51 Town Watch
41:40 Plate Barding Armor
41:41 Iron Casting
40:54 Horse Collar
42:22 Conscription
Chaneitor
6:06 Loom
16:44 Feudal Age
21:00 Castle Age
20:12 Bloodlines
20:10 Scale Barding Armor
20:50 Fletching
30:29 Double-Bit Axe
35:54 Bodkin Arrow
45:44 Imperial Age
HUOHUO
8:11 Loom
15:31 Feudal Age
17:21 Fishing Lines
20:21 Castle Age
18:23 Stone Mining
18:23 Double-Bit Axe
20:35 Gold Mining
22:22 Wheelbarrow
23:26 Bow Saw
26:30 Hand Cart
27:56 Scale Barding Armor
29:23 Chain Barding Armor
31:54 Husbandry
32:53 Bloodlines
35:45 Herbal Medicine
36:23 Fletching
38:20 Elite Skirmisher
39:02 Bodkin Arrow
42:35 Gold Shaft Mining
43:05 Ballistics
43:10 Padded Archer Armor
44:18 Thumb Ring
Connection lost

Rejoining the realm…

Still unreachable

The connection could not be restored.

Session expired

The server has moved on; the page needs a fresh start.